 Dungeon Crawl Stone Soup version 0.30-a0-867-g305f33218d (webtiles) character file.

Game seed: 16720157264094740124

1047 Dittersdorf the Shield-Bearer (level 8, -10/51 HPs)
             Began as a Gargoyle Fighter on Mar 10, 2023.
             Was an Initiate of Okawaru.
             Killed from afar by Dowan (17 damage)
             ... with a shard of ice
             ... on level 5 of the Dungeon.
             The game lasted 00:05:11 (4580 turns).

Dittersdorf the Shield-Bearer (Gargoyle Fighter)    Turns: 4580, Time: 00:05:12

Health: -10/51     AC: 20    Str: 21    XL:     8   Next: 25%
Magic:  8/8        EV:  9    Int: 16    God:    Okawaru [......]
Gold:   284        SH:  6    Dex: 15    Spells: 7/7 levels left

rFire   . . .      SeeInvis .    a - +1 flail (protect)
rCold   . . .      Faith    .    c - +0 buckler
rNeg    + . .      Spirit   .    b - +0 scale mail
rPois   ∞          Reflect  .    (no helmet)
rElec   +          Rampage  .    (no cloak)
rCorr   .                        (no gloves)
Will    .....                    (no boots) Stlth
                                 (no amulet)
HPRegen 0.28/turn                A - +6 ring of dexterity
MPRegen 0.11/turn                m - +6 ring of intelligence

@: mighty, under a protective aura, on berserk cooldown, slowed, very slow
A: sickness immunity, AC +5, negative energy resistance 1, electricity
resistance, torment resistance 1, petrification resistance
a: Renounce Religion


You were on level 5 of the Dungeon.
You worshipped Okawaru.
Okawaru was noncommittal.
You visited 2 branches of the dungeon, and saw 6 of its levels.

You collected 284 gold pieces.

Inventory:

Hand Weapons
 a - a +1 flail of protection (weapon)
Armour
 b - a +0 scale mail (worn)
 c - a +0 buckler (worn)
Jewellery
 i - a ring of ice
 j - a ring of fire
 m - a +6 ring of intelligence (right hand)
 A - a +6 ring of dexterity (left hand)
Wands
 w - a wand of flame (37)
Scrolls
 e - a scroll of fear
 l - 2 scrolls of teleportation
 o - 2 scrolls of fog
 q - a scroll of summoning {unknown}
Potions
 f - a potion of curing {unknown}
 g - 3 potions of haste {unknown}
 h - 3 potions of brilliance {unknown}
 k - 3 potions of heal wounds {unknown}
 n - a potion of attraction {unknown}
 p - a potion of invisibility
 v - 3 potions of mutation


   Skills:
 + Level 6.0 Fighting
 + Level 5.0 Maces & Flails
 + Level 6.1 Armour
 + Level 6.1 Shields


You had 7 spell levels left.
You didn't know any spells.
Your spell library contained the following spells:

 Spells                   Type           Power      Damage    Failure   Level
 Petrify                  Tmut/Erth      0%         N/A       100%        4
 Irradiate                Conj/Tmut      0%         3d11      100%        5
 Sublimation of Blood     Necr           Unusable   N/A       N/A         2

Dungeon Overview and Level Annotations

Branches:
Dungeon (5/15)             Temple (1/1) D:5

Altars:
Cheibriados
Dithmenos
Elyvilon
Gozag
Hepliaklqana
Okawaru
Qazlal
Ru
Trog
Uskayaw
Xom
The Shining One

Shops:
D:1 =   D:4 [

Annotations:
D:5 Dowan


Innate Abilities, Weirdness & Mutations

You are immune to sickness and miasma.
Your stone body is resilient. (AC +5)
You are immune to poison.
You resist negative energy. (rN+)
You are resistant to electric shocks. (rElec)
You are resistant to unholy torment.
You are immune to petrification.


Message History

Dowan hits you with a +0 dagger.
* * * LOW HITPOINT WARNING * * *
Duvessa hits you with a +6 short sword of speed.
* * * LOW HITPOINT WARNING * * *
You bump into the rock wall.
Dowan hits you but does no damage. Duvessa barely misses you.
You bump into the rock wall.
You feel a strong urge to attack something.
Duvessa says, "When magic and the sword combine, nothing stands against them."
Duvessa hits you but does no damage.
Dowan smirks and points a slender finger.
Dowan completely misses you.
You closely miss Duvessa.
Duvessa is heavily wounded.
You feel less invigorated.
You feel less confused.
Duvessa says, "I don't care about looks, I care about technique!"
Duvessa hits you with a +6 short sword of speed.
* * * LOW HITPOINT WARNING * * *
You closely miss Duvessa.
Duvessa is heavily wounded.
You block Dowan's attack.
Duvessa hits you with a +6 short sword of speed.
* * * LOW HITPOINT WARNING * * *
You bludgeon Duvessa!!
Your weapon exudes an aura of protection.
Duvessa is almost dead.
You are no longer berserk.
You are exhausted.
You feel yourself slow down. Duvessa barely misses you.
Dowan hits you but does no damage.
You sock Duvessa!
You kill Duvessa!
Okawaru accepts your kill.
Dowan's eyes darken. "You have made a black mistake."
Dowan seems to find hidden reserves of power!
You block Dowan's attack. Dowan gestures at you while chanting.
The shard of ice hits you!
You die...

#.# #.# . #.# ..
#.# .e.
######.##### ....
#..........#
........#####.##.#
......#######.##.#
.....S5.W@e...##.#
################.#
#.# ..# ###


You could see a water moccasin, a phantom, Dowan (fast) and a shadow imp.

Vanquished Creatures
  Grinder (D:4)
  Duvessa (D:5)
  An ice beast (D:5)
  A black bear (D:5)
  A phantom (D:4)
  A kobold brigand (D:5)
  3 scorpions (D:4)
  A hound (D:5)
  2 jellies
  A sleepcap (D:5)
  Terence (D:3)
  3 iguanas
  An orc wizard (Temple)
  4 gnolls (D:2)
  2 adders
  An ufetubus (D:5)
  A dart slug (D:1)
  5 orcs
  4 ball pythons
  4 endoplasms
  2 giant cockroaches
  11 goblins
  6 hobgoblins
  5 jackals (D:4)
  10 kobolds
  5 quokkas
  8 bats
  3 frilled lizards
  3 rats
92 creatures vanquished.

Notes
Turn   | Place    | Note
-------+----------+-------------------------------------------
     0 | D:1      | Dittersdorf the Gargoyle Fighter began the quest for the
                  | Orb.
     0 | D:1      | Reached XP level 1. HP: 14/14 MP: 1/1
   113 | D:1      | Found Uripsofu's Jewellery Boutique.
   140 | D:1      | Reached XP level 2. HP: 19/19 MP: 2/2
   570 | D:1      | Reached XP level 3. HP: 23/23 MP: 3/3
  1080 | D:2      | Reached XP level 4. HP: 27/29 MP: 4/4
  2019 | D:3      | Noticed Terence
  2033 | D:3      | Killed Terence
  2034 | D:3      | Reached XP level 5. HP: 17/33 MP: 5/5
  2774 | D:4      | Noticed a phantom
  2794 | D:4      | Killed a phantom
  2843 | D:4      | Reached XP level 6. HP: 30/39 MP: 6/6
  3392 | D:4      | Found Gyicwos's Antique Armour Emporium.
  3393 | D:4      | Noticed Grinder
  3401 | D:4      | Paralysed by Grinder for 5 turns
  3402 | D:4      | Reached skill level 5 in Armour
  3402 | D:4      | Reached skill level 5 in Shields
  3408 | D:4      | Paralysed by Grinder for 2 turns
  3421 | D:4      | Killed Grinder
  3422 | D:4      | Reached skill level 5 in Fighting
  3422 | D:4      | Reached XP level 7. HP: 44/44 MP: 7/7
  3556 | D:5      | Entered Level 5 of the Dungeon
  3909 | D:5      | Reached XP level 8. HP: 44/51 MP: 8/8
  4071 | D:5      | Found a staircase to the Ecumenical Temple.
  4088 | Temple   | Entered the Ecumenical Temple
  4195 | Temple   | Became a worshipper of Warmaster Okawaru
  4250 | Temple   | Reached skill level 5 in Maces & Flails
  4549 | D:5      | Noticed Dowan
  4549 | D:5      | Noticed Duvessa
  4570 | D:5      | HP: 1/51 [Duvessa/+6 short sword of speed (10)]
  4580 | D:5      | Killed Duvessa
  4580 | D:5      | Killed from afar by Dowan

Illustrated notes

Levels and vault maps discovered:
D:1:      moated_graveyard_arrival, layout_basic, serial_shops,
          nicolae_shop_advertising_works [nicolae_subvault_shop_adworks],
          minmay_box_of_dots
D:2:      layout_basic, grunt_ministairs_2, minmay_octomino_j4
D:3:      layout_basic, corexii_hall_statues_x, uniq_terence
D:4:      layout_loops_cross, serial_shops, nicolae_shop_crystal,
          minmay_misc_feat_iff, uniq_grinder
D:5:      layout_basic, jmf_multi_god_temple2, minmay_temple_entry_glass,
          uniq_duvessa
Temple:   nicolae_temple_slightly_damp_pantheon

Skill      XL: |  1  2  3  4  5  6  7  8 |
---------------+-------------------------+-----
Shields        | 4 5 6 |  6.1
Armour         | 4 5 6 |  6.1
Fighting       | 4 5 6 |  6.0
Maces & Flails | 3 4 5 |  5.0

Action                     |  1- 3 |  4- 6 |  7- 9 || total
---------------------------+-------+-------+-------++-------
  Melee: Flail             |   134 |   172 |   110 ||   416
    Use: Scroll            |       |    13 |     2 ||    15
         Potion            |       |       |     3 ||     3
 Armour: Scale mail        |    90 |   104 |   107 ||   301
  Dodge: Dodged            |    69 |    73 |    69 ||   211
  Block: Buckler           |    25 |    57 |    42 ||   124

Table legend: (Time is in decaauts)
 A = Elapsed time spent in this place.
 B = Non-inter-level travel time spent in this place.
 C = Inter-level travel time spent in this place.
 D = Time resting spent in this place.
 E = Time spent auto-exploring this place.
 F = Levels seen in this place.
 G = Mean time per level.
                   A        B        C        D        E       F      G
               +--------+--------+--------+--------+--------+-----+--------+
         Total |   4695 |   4476 |    219 |    303 |   3193 |   6 |  782.5 |
       Dungeon |   4416 |   4215 |    201 |    201 |   3106 |   5 |  883.2 |
        Temple |    279 |    261 |     18 |    102 |     87 |   1 |  279.0 |
               +--------+--------+--------+--------+--------+-----+--------+

Top non-repeatable levels by time:
     D:2: 1094 daAuts
     D:4: 1017 daAuts
     D:3: 863 daAuts
     D:1: 835 daAuts
     D:5: 606 daAuts
  Temple: 279 daAuts
